 Dungeon Crawl Stone Soup version 0.32-a0-361-g289a535e89 (webtiles) character file.

Game seed: 11846271831962719709

115 BrainOfJoshTwitch the Slasher (level 5, -2/38 HPs)
             Began as a Coglin Gladiator on Feb 18, 2024.
             Slain by a gnoll
             ... wielding a +0 halberd
              (9 damage)
             ... on level 2 of the Dungeon.
             The game lasted 00:06:19 (1046 turns).

BrainOfJoshTwitch the Slasher (Coglin Gladiator)    Turns: 1046, Time: 00:06:19

Health: -2/38      AC:  4    Str: 16    XL:     5   Next: 0%
Magic:  5/5        EV: 12    Int:  7    God:
Gold:   118        SH:  0    Dex: 16    Spells: 4/4 levels left

rFire   . . .        a - +0 long sword {Amurritum}
rCold   . . .        g - +0 short sword {Nimrit}
rNeg    . . .        b - +0 leather armour
rPois   .            c - +0 helmet
rElec   .            (no cloak)
rCorr   .            (no gloves)
SInv    .            (no boots)
Will    .....        (no amulet)
Stlth   +            (no ring)
HPRegen 0.26/turn    (no ring)
MPRegen 0.09/turn

%: no passive effects
@: revved, stiff-legged, very slow
A: off-hand wielding, slow wielding, warmup strikes, warmup strides
a: no special abilities


You were on level 2 of the Dungeon.
You visited 1 branch of the dungeon, and saw 2 of its levels.

You collected 118 gold pieces.

Inventory:

Hand Weapons
 a - a +0 long sword (weapon) {Amurritum}
 g - a +0 short sword (worn) {Nimrit}
 h - a +0 spear
Missiles
 d - 3 throwing nets (quivered)
 e - a javelin
Armour
 b - a +0 leather armour (worn)
 c - a +0 helmet (worn)
Potions
 f - a potion of invisibility {unknown}


   Skills:
 - Level 2.0 Fighting
 + Level 1.2(3.2) Short Blades
 * Level 5.1(5.2) Long Blades
 - Level 1.7 Throwing
 - Level 0.2 Armour
 - Level 2.6 Dodging


You had 4 spell levels left.
You didn't know any spells.
Your spell library was empty.

Dungeon Overview and Level Annotations

Branches:
Dungeon (2/15)

Altars:


Innate Abilities, Weirdness & Mutations

You can wield a second weapon in your off-hand.
It takes a long time for you to wield or remove held weapons.
Your first few attacks do less damage.
Your first movements take longer.


Message History

The gnoll is severely wounded.
You hit the gnoll with your +0 short sword.
The gnoll completely misses you.
You hit the gnoll with your +0 short sword.
You kill the gnoll!
Your Long Blades skill increases to level 5!
The rat barely misses you. The rat completely misses you.
You see here a +0 spear.
You closely miss the rat with your +0 long sword.
You hit the rat with your +0 short sword.
You kill the rat!
You slash the gnoll with your +0 long sword!
The gnoll is almost dead.
You hit the gnoll with your +0 short sword.
You kill the gnoll!
You have reached level 5!
h - a +0 spear You hit the gnoll with your +0 long sword.
The gnoll is lightly wounded.
You hit the gnoll but do no damage. The gnoll hits you with a +0 flail!
You barely miss the gnoll with your +0 long sword.
The gnoll is lightly wounded.
You hit the gnoll with your +0 short sword.
The gnoll closely misses you. The gnoll misses you.
You hit the gnoll with your +0 short sword.
The gnoll is heavily wounded.
You barely miss the gnoll with your +0 long sword.
The gnoll hits you from afar with a +0 halberd!
The gnoll completely misses you.
You barely miss the gnoll with your +0 long sword.
The gnoll is heavily wounded.
You closely miss the gnoll with your +0 short sword.
The gnoll hits you with a +0 flail.
The gnoll hits you from afar with a +0 halberd.
You hit the gnoll with your +0 long sword.
The gnoll is almost dead.
You hit the gnoll but do no damage. The gnoll hits you with a +0 flail!
* * * LOW HITPOINT WARNING * * *
The gnoll hits you from afar with a +0 halberd!
You die...

# #.# # . ..# .. ### # ##..##.#
##.## # #......## #...# ##
###........ ... ..# .....# ...
#.# ###.## #g# #.# # #.# #g# #.#
# #.# #@# ###.### # #.# ##'##
#.....# # #.# ##...###.....######
# #.#### ##.....##..........# #
#....## ##.......#......###.#
#####...####................##.#
<..........'.................#.#
#####...####.........####...##.##
#..## ##.......## ##.......


You could see 2 gnolls.

Vanquished Creatures
  A bombardier beetle (D:2)
  An adder (D:2)
  2 gnolls (D:2)
  8 endoplasms
  A giant cockroach (D:1)
  3 goblins (D:1)
  4 hobgoblins (D:1)
  A quokka (D:1)
  4 bats (D:1)
  2 frilled lizards
  3 rats
30 creatures vanquished.

Notes
Turn   | Place    | Note
-------+----------+-------------------------------------------
     0 | D:1      | BrainOfJoshTwitch the Coglin Gladiator began the quest for
                  | the Orb.
     0 | D:1      | Reached XP level 1. HP: 16/16 MP: 1/1
    70 | D:1      | Reached XP level 2. HP: 22/22 MP: 2/2
   314 | D:1      | Reached skill level 4 in Long Blades
   314 | D:1      | Reached XP level 3. HP: 26/27 MP: 3/3
   851 | D:2      | Reached XP level 4. HP: 33/33 MP: 4/4
   854 | D:2      | Reached skill level 1 in Short Blades
  1038 | D:2      | Reached skill level 5 in Long Blades
  1041 | D:2      | Reached XP level 5. HP: 36/38 MP: 5/5
  1046 | D:2      | Slain by a gnoll

Illustrated notes

Levels and vault maps discovered:
D:1:      orjb1_lava_funnel, layout_loops_ring, chequers_serial_rivers_small_3
D:2:      layout_loops_corners

Skill      XL: |  1  2  3  4 |
---------------+-------------+-----
Long Blades    | 4 5 |  5.1
Short Blades   | 1 |  1.2
Fighting       | |  2.0
Throwing       | |  1.7
Armour         | |  0.2
Dodging        | |  2.6

Action                     |  1- 3 |  4- 6 || total
---------------------------+-------+-------++-------
  Melee: Long sword        |    58 |    13 ||    71
         Whip              |    26 |       ||    26
         Short sword       |     5 |    15 ||    20
   Stab: Sleeping          |     1 |       ||     1
 Armour: Leather armour    |    30 |     8 ||    38
  Dodge: Dodged            |    39 |    13 ||    52

Table legend: (Time is in decaauts)
 A = Elapsed time spent in this place.
 B = Non-inter-level travel time spent in this place.
 C = Inter-level travel time spent in this place.
 D = Time resting spent in this place.
 E = Time spent auto-exploring this place.
 F = Levels seen in this place.
 G = Mean time per level.
                   A        B        C        D        E       F      G
               +--------+--------+--------+--------+--------+-----+--------+
         Total |   1110 |   1089 |     21 |     70 |    755 |   2 |  555.0 |
       Dungeon |   1110 |   1089 |     21 |     70 |    755 |   2 |  555.0 |
               +--------+--------+--------+--------+--------+-----+--------+

Top non-repeatable levels by time:
     D:1: 787 daAuts
     D:2: 322 daAuts
